Map: Central Protocol

Players

LiquidSnute (Snute)

  • Race: Zerg Zerg
  • League: Grandmaster

AcerBly (Bly) - Winner!

  • Race: Zerg Zerg
  • League: Grandmaster

Event: NationWars III

VOD

Have the link to the VOD?

Description

Time

  • Played on: Dec. 3, 2015, 1:17 p.m.
  • Length: 3:43

All games in this series

Show
View Real Time Build Order
Export as new Build Order

LiquidSnute Zerg 

Build Orders: Hatch First 

Get SALT Encoding   

  12  0:00  Drone  
  13  0:12  Overlord  
  13  0:17  Drone  
  14  0:30  Drone x2  
  14  0:34  Drone  
  17  0:51  Hatchery  
  17  0:54  Drone  
  17  0:56  Extractor  
  16  1:10  Spawning Pool  
  15  1:13  Drone  
  15  1:17  Drone  
  17  1:20  Drone  
  18  1:28  Drone  
  19  1:57  Metabolic Boost, Queen  
  19  1:58  Zergling x2  
  22  2:02  Queen  
  22  2:03  Zergling x4  
  26  2:09  Overlord  
  26  2:12  Zergling x2  
  27  2:18  Baneling Nest  
  26  2:23  Zergling x2  
  26  2:26  Zergling x2  
  28  2:30  Zergling x2  
  29  2:42  Queen  
  31  2:47  Zergling x4  
  29  2:53  Zergling x2  
  29  2:54  Zergling x2  
  29  2:57  Zergling x2  
  27  3:00  Zergling x2  
  26  3:06  Baneling  
Show
View Real Time Build Order
Export as new Build Order

AcerBly Zerg - Winner!

Build Orders: Pool Only, Zergling Baneling 

Get SALT Encoding   

  12  0:01  Drone  
  13  0:09  Drone  
  13  0:13  Extractor  
  13  0:28  Spawning Pool  
  13  0:33  Drone  
  13  0:38  Drone  
  14  0:44  Extractor  
  14  0:47  Extractor  
  14  0:48  Drone  
  15  0:55  Overlord  
  15  1:15  Queen  
  15  1:17  Metabolic Boost  
  17  1:22  Zergling x2  
  19  1:25  Zergling x2  
  19  1:30  Zergling x2  
  20  1:40  Baneling Nest  
  20  1:43  Zergling x2  
  20  1:47  Zergling x2  
  21  1:58  Overlord  
  21  2:05  Zergling x2  
  22  2:18  Zergling x2  
  23  2:24  Zergling x6  
  23  2:28  Baneling x4  
  26  2:31  Zergling x2  
  27  2:39  Zergling x2  
  26  2:55  Zergling x6  
  26  2:56  Zergling x2  
  28  2:59  Baneling  
  28  3:00  Baneling  
  28  3:11  Zergling x2  
  27  3:22  Baneling x2  
Tags
 
Add a new tag
Caveats
  • Supply blocks, unpowered buildings, or Contaminate may cause inaccurate times.
  • Supply counts are checked every 10 seconds.